 Dungeon Crawl Stone Soup version 0.32-a0-886-g41c5271027 (webtiles) character file.

Game seed: 13641439384169210281

1246 javelincjr the Caller (level 8, 0/46 HPs)
             Began as an Octopode Summoner on Apr 2, 2024.
             Was an Initiate of the Shining One.
             Succumbed to a hornet's poison
             ... on level 5 of the Dungeon.
             The game lasted 00:33:58 (5147 turns).

javelincjr the Caller (Octopode Summoner)           Turns: 5147, Time: 00:33:59

Health: 0/46       AC:  1    Str:  8    XL:     8   Next: 50%
Magic:  31/34      EV: 13    Int: 19    God:    the Shining One [......]
Gold:   274        SH:  0    Dex: 12    Spells: 8/18 levels left

rFire   . . .        b - +4 rapier of the Warrior-Mage {heavy, Will+ rCorr}
rCold   . . .        (no shield)
rNeg    . . .        (helmet restricted)
rPois   .            (no amulet)
rElec   .            m - ring of magical power
rCorr   +            C - ring of magical power
SInv    .            (no ring)
Will    +....        (no ring)
Stlth   ++           (no ring)
HPRegen 0.27/turn    (no ring)
MPRegen 0.24/turn    (no ring)
                     (no ring)

%: no passive effects
@: lethally poisoned (0 -> -11), slowed, glowing, inugami summoned, very slow
A: almost no armour, amphibious, 8 rings, camouflage 1, gelatinous body 1,
(nimble swimmer 1), tentacles
a: Renounce Religion


You were on level 5 of the Dungeon.
You worshipped the Shining One.
The Shining One was noncommittal.
You visited 1 branch of the dungeon, and saw 6 of its levels.

You collected 274 gold pieces.

Inventory:

Hand Weapons
 b - the +4 rapier of the Warrior-Mage (weapon) {heavy, Will+ rCorr}
   (You found it on level 2 of the Dungeon)

   Will+:     It increases your willpower.
   rCorr:     It protects you from acid and corrosion.
 g - a +3 dagger
 s - a +4 short sword of electrocution
 z - a +2 dagger of protection
Missiles
 n - a throwing net
 t - 13 poisoned darts
 x - a boomerang
Jewellery
 m - a ring of magical power (left tentacle)
 u - an amulet of guardian spirit
 C - a ring of magical power (right tentacle)
 F - a ring of positive energy
Wands
 y - a wand of acid (8)
Scrolls
 d - 2 scrolls of immolation
 e - a scroll of enchant weapon {unknown}
 i - a scroll of acquirement {unknown}
 j - a scroll of poison {unknown}
 l - 3 scrolls of fear
 o - 3 scrolls of teleportation {unknown}
 p - 3 scrolls of fog
 q - a scroll of amnesia {unknown}
 v - a scroll of revelation {unknown}
Potions
 a - a potion of magic
 c - 3 potions of curing
 f - 2 potions of heal wounds
 h - 4 potions of mutation
 k - 2 potions of might
 r - 4 potions of enlightenment
 w - 4 potions of haste
 A - a potion of ambrosia {unknown}
 D - a potion of brilliance {unknown}
 E - a potion of lignification {unknown}


   Skills:
 + Level 4.3 Dodging
 + Level 6.1 Stealth
 * Level 5.6 Spellcasting
 * Level 7.1 Summonings
 + Level 0.0 Air Magic
 + Level 0.0 Invocations


You had 8 spell levels left.
You knew the following spells:

 Your Spells              Type           Power      Damage    Failure   Level
a - Summon Small Mammal   Summ           100%       N/A       1%          1
b - Call Imp              Summ           64%        N/A       1%          2
c - Call Canine Familiar  Summ           32%        N/A       1%          3
d - Summon Lightning Spi  Summ/Air       18%        N/A       26%         4

Your spell library contained the following spells:

 Spells                   Type           Power      Damage    Failure   Level
 Mercury Vapours          Alch/Air       10%        N/A       19%         2
 Static Discharge         Conj/Air       10%        3-4/arc   19%         2
 Summon Blazeheart Golem  Fire/Summ      18%        N/A       26%         4
 Mephitic Cloud           Conj/Alch/Air  5%         N/A       34%         3
 Airstrike                Air            2%         2d(1-17)  75%         4
 Freezing Cloud           Conj/Ice/Air   2%         6-21      97%         5


Dungeon Overview and Level Annotations

Branches:
Dungeon (6/15)             Temple (0/1) D:4

Altars:
Nemelex Xobeh
The Shining One

Annotations:
D:6 Jeremiah


Innate Abilities, Weirdness & Mutations

You cannot wear most types of armour.
You are amphibious.
You can wear up to eight rings at the same time.
Your skin changes colour to match your surroundings (Stealth+).
Your rubbery body absorbs attacks. (AC +1, EV +1)
((You are camouflaged when in or above water. (Stealth+)))
You have tentacles for arms and can constrict up to eight enemies at once.


Message History

Your Stealth skill increases to level 6!
Your Spellcasting skill increases to level 5!
Your Summonings skill increases to level 7!
You have reached level 8!
Things that are here:
a +1 whip of flaming; a +2 robe of positive energy; the kobold corpse of Pikel This spell is quite dangerous to cast!
You start memorising the spell.
You continue memorising. x4
You finish memorising.
Spell assigned to 'd'.
Your quokka disappears in a puff of smoke!
There is a stone staircase leading down here.
You start resting.
Your inugami disappears in a puff of smoke!
Magic restored.
You climb downwards.
Level annotation: Jeremiah
There is a stone staircase leading up, spattered with blood here.
Casting: Call Canine Familiar (safe; 1% risk of failure)
Confirm with . or Enter, or press ? or * to list all spells.
You call for your canine familiar and it appears with a howl!
Found 16 gold pieces.
You see here a scroll labelled QOGAD VOOKHU.
o - 3 scrolls labelled QOGAD VOOKHU (gained 1) Jeremiah shouts!
Your inugami barely misses the hornet.
There is a stone staircase leading up here.
The hornet stings you!
You feel yourself slow down.
Jeremiah hops!
The hornet stings you!
You feel as though you will be slow longer.
You climb upwards.
There is a stone staircase leading down here.
Casting: Call Canine Familiar (safe; 1% risk of failure)
Confirm with . or Enter, or press ? or * to list all spells.
You call for your canine familiar and it appears with a howl!
The hornet misses you. The hornet stings you!
* * * LOW HITPOINT WARNING * * *
You are lethally poisoned!
You feel as though you will be slow longer.
You swap places.
You die...

##..##...##....#.#.......##
.....##.###...............#
...###...................##
..........##...........###
..)######.###...........#
...# ##.รท.##...........##
...####....###.#.........#
............##.#.....##..###
.##.....##......@...###..<.#
.#####.###...#...h...####..#
## #..##....#..y..........##
.#####.#.....#..##..........#
...###.......#.###..........#
......<###......#..........##
.......#..##...............#
#..............##...###....##
......##..##...##.#.#.......#


You could see a hornet (ally target) and a friendly inugami (summoned).

Vanquished Creatures
  A howler monkey (D:5)
  A bombardier beetle (D:3)
  A hound (D:6)
  An iguana (D:5)
  Terence (D:3)
  Robin (D:4)
  A gnoll (D:4)
  An adder (D:5)
  2 dart slugs
  A ribbon worm (D:4)
  5 orcs
  3 ball pythons
  2 endoplasms (D:1)
  A giant cockroach (D:2)
  7 goblins
  3 hobgoblins
  A jackal (D:1)
  3 quokkas
  3 bats (D:1)
  8 kobolds
  2 rats
49 creatures vanquished.

Vanquished Creatures (collateral kills)
  Pikel (D:5)
  An ice beast (D:5)
  2 ogres
  2 bombardier beetles
  Ijyb (D:3)
  2 iguanas (D:5)
  3 gnolls (D:4)
  3 adders
  3 ribbon worms (D:2)
  3 dart slugs
  8 orcs
  3 ball pythons
  2 endoplasms
  2 giant cockroaches
  12 goblins
  3 hobgoblins (D:4)
  3 jackals (D:1)
  2 quokkas
  A bat (D:1)
  6 frilled lizards
  6 kobolds (D:4)
  2 rats (D:1)
71 creatures vanquished.

Grand Total: 120 creatures vanquished

Notes
Turn   | Place    | Note
-------+----------+-------------------------------------------
     0 | D:1      | javelincjr the Octopode Summoner began the quest for the
                  | Orb.
     0 | D:1      | Reached XP level 1. HP: 11/11 MP: 3/3
   232 | D:1      | Reached XP level 2. HP: 17/17 MP: 3/5
   235 | D:1      | Learned a level 2 spell: Call Imp
   473 | D:1      | Found a faded altar of an unknown god.
   483 | D:1      | Prayed at the altar of an unknown god.
   483 | D:1      | Became a worshipper of the Shining One
   483 | D:1      | Reached * piety under the Shining One
   555 | D:1      | Was placed under penance by the Shining One
   739 | D:1      | Reached XP level 3. HP: 14/21 MP: 2/6
   972 | D:1      | Learned a level 3 spell: Call Canine Familiar
  1631 | D:2      | Reached XP level 4. HP: 27/27 MP: 8/8
  1683 | D:2      | Identified the +4 rapier of the Warrior-Mage {heavy, Will+
                  | rCorr}
  1928 | D:3      | Noticed Terence
  1947 | D:3      | Killed Terence
  1948 | D:3      | Reached XP level 5. HP: 22/31 MP: 9/9
  2042 | D:3      | Reached skill level 5 in Summonings
  2547 | D:3      | Noticed Ijyb
  2718 | D:3      | Killed Ijyb
  2999 | D:4      | Noticed Robin
  3026 | D:4      | Killed Robin
  3028 | D:4      | Reached XP level 6. HP: 14/36 MP: 11/11
  3191 | D:4      | Found a staircase to the Ecumenical Temple.
  3755 | D:4      | Was forgiven by the Shining One
  3812 | D:4      | Found a sparkling altar of Nemelex Xobeh.
  4259 | D:5      | Entered Level 5 of the Dungeon
  4292 | D:5      | Noticed an ice beast
  4300 | D:5      | Killed an ice beast
  4301 | D:5      | Reached XP level 7. HP: 41/41 MP: 13/13
  4308 | D:5      | Reached skill level 5 in Stealth
  4308 | D:5      | Reached skill level 6 in Summonings
  4879 | D:6      | Noticed Jeremiah
  4881 | D:6      | Noticed a hornet
  4939 | D:6      | Noticed Pikel
  5004 | D:5      | Killed Pikel
  5005 | D:5      | Reached skill level 5 in Spellcasting
  5005 | D:5      | Reached skill level 7 in Summonings
  5005 | D:5      | Reached XP level 8. HP: 42/46 MP: 3/16
  5014 | D:5      | Learned a level 4 spell: Summon Lightning Spire
  5147 | D:5      | Succumbed to a hornet's poison

Illustrated notes

Levels and vault maps discovered:
D:1:      dpeg_arrival_three_same_balls, layout_basic,
          hellmonk_ecumenical_altar_blasted
D:2:      layout_rooms
D:3:      layout_basic, minmay_pentangle, uniq_terence, uniq_ijyb
D:4:      corexii_shantytown, layout_basic, kennysheep_little_box,
          minmay_temple_entry_wispy, minmay_misc_feat_diagonals,
          kennysheep_generic_room_14, uniq_robin
D:5:      layout_cave_pools, nrook_mini_backslash
D:6:      layout_cave_pools, tso_metal_star, uniq_pikel, uniq_jeremiah

Skill      XL: |  1  2  3  4  5  6  7 |
---------------+----------------------+-----
Stealth        | 3 4 6 |  6.1
Spellcasting   | 3 4 5 |  5.6
Summonings     | 5 7 |  7.1
Dodging        | 3 4 |  4.3

Action                     |  1- 3 |  4- 6 |  7- 9 || total
---------------------------+-------+-------+-------++-------
  Melee: Unarmed           |     7 |       |       ||     7
         Constrict         |    13 |    10 |     3 ||    26
         Dagger            |    20 |       |       ||    20
         Tentacles         |     5 |     8 |     1 ||    14
         Rapier            |       |    49 |     7 ||    56
   Cast: Summon Small Mamm |    40 |    34 |    28 ||   102
         Call Imp          |     5 |       |       ||     5
         Call Canine Famil |     6 |    33 |    16 ||    55
    Use: Scroll            |       |     5 |     3 ||     8
 Armour: Skin              |    27 |    33 |    11 ||    71
  Dodge: Dodged            |    27 |    41 |     5 ||    73

Table legend: (Time is in decaauts)
 A = Elapsed time spent in this place.
 B = Non-inter-level travel time spent in this place.
 C = Inter-level travel time spent in this place.
 D = Time resting spent in this place.
 E = Time spent auto-exploring this place.
 F = Levels seen in this place.
 G = Mean time per level.
                   A        B        C        D        E       F      G
               +--------+--------+--------+--------+--------+-----+--------+
         Total |   5193 |   5094 |     99 |    314 |   3528 |   6 |  865.5 |
       Dungeon |   5193 |   5094 |     99 |    314 |   3528 |   6 |  865.5 |
               +--------+--------+--------+--------+--------+-----+--------+

Top non-repeatable levels by time:
     D:4: 1292 daAuts
     D:1: 1166 daAuts
     D:3: 1044 daAuts
     D:5: 858 daAuts
     D:2: 790 daAuts
     D:6: 40 daAuts
